 Dungeon Crawl Stone Soup version 0.23.2-1-ga50397a6bc (webtiles) character file.

Game seed: 5841468816697123083

125 Mrkan the Skirmisher (level 4, 0/37 HPs)
             Began as a Demonspawn Fighter on May 19, 2019.
             Slain by an adder (1 damage)
             ... in a sewer.
             The game lasted 00:03:41 (1895 turns).

Mrkan the Skirmisher (Demonspawn Fighter)           Turns: 1895, Time: 00:03:41

Health: 0/37       AC:  6    Str: 14 (17) XL:     4   Next: 82%
Magic:  4/4        EV:  6    Int:  9 (10) God:
Gold:   140        SH:  8    Dex: 11 (12) Spells: 3/3 levels left

rFire    . . .     SeeInvis .   a - +0 trident
rCold    . . .     Gourm    .   c - +0 shield
rNeg     . . .     Faith    .   b - +0 scale mail
rPois    .         Spirit   .   (helmet restricted)
rElec    .         Reflect  .   (no cloak)
rCorr    .         Harm     .   (no gloves)
MR       .....                  (no boots)
Stlth    ..........             (no amulet)
HPRegen  0.12/turn              (no ring)
MPRegen  0.09/turn              (no ring)

@: lethally poisoned (0 -> -1), very slightly contaminated, invisible, very slow
A: claws 1, horns 1, talons 1
a: no special abilities


You were in a sewer.
You were hungry.

You visited 1 branch of the dungeon, and saw 3 of its levels.
You also visited: Sewer.

You collected 140 gold pieces.

Inventory:

Hand Weapons
 a - a +0 trident (weapon)
Armour
 b - a +0 scale mail (worn)
 c - a +0 shield (worn)
Wands
 t - a wand of scattershot (7)
Scrolls
 e - 2 scrolls of blinking {unknown}
 h - 2 scrolls of immolation {unknown}
 i - 2 scrolls of teleportation {unknown}
 j - a scroll of amnesia {unknown}
 l - 4 scrolls of identify {unknown}
 n - 3 scrolls of fear {unknown}
 o - 3 scrolls of noise {unknown}
 s - a scroll of magic mapping {unknown}
Potions
 d - a potion of might
 m - a potion of ambrosia {unknown}
 p - a potion of curing {unknown}
 q - 2 potions of heal wounds {unknown}
 r - 2 potions of cancellation {unknown}
Comestibles
 f - 3 rations


   Skills:
 + Level 4.0 Fighting
 * Level 4.0 Polearms
 - Level 2.6 Armour
 - Level 2.6 Shields


You had 3 spell levels left.
You didn't know any spells.
Your spell library was empty.

Dungeon Overview and Level Annotations

Branches:
Dungeon (3/15)

Altars:
Dithmenos

Annotations:
D:3 1 transporter, Foic's ghost, amateur GnWz


Innate Abilities, Weirdness & Mutations

You have sharp fingernails.
You have a pair of small horns on your head.
You have sharp toenails.


Message History

The ball python constricts you. The adder bites you.
* * * LOW HITPOINT WARNING * * *
The rat twitches its whiskers.
You completely miss the adder.
The adder is severely wounded.
You block the adder's attack. The ball python bites you.
* * * LOW HITPOINT WARNING * * *
The ball python constricts you. You block the adder's attack.
The adder bites you but does no damage.
It was a potion of invisibility.
You fade into invisibility!
The adder bites you but does no damage. The ball python barely misses you.
The ball python constricts you. You block the adder's attack.
You are very lightly contaminated with residual magic.
You escape the ball python's grasp.
* * * LOW HITPOINT WARNING * * *
You feel sick. You block the adder's attack.
The adder bites you but does no damage. You block the adder's attack.
The adder bites you.
You die...

#..† #.†# ####
####################.
###.#≈≈≈≈≈≈.≈≈≈≈≈≈≈≈#..
##...≈≈≈≈≈≈.≈≈≈≈≈≈≈≈≈≈..
#.....≈≈≈≈≈≈(.≈≈≈≈≈≈≈≈..
#....rS≈≈≈≈≈.≈≈≈≈≈≈≈≈...
#....≈S@≈≈≈..≈≈≈≈≈≈≈≈≈..
#....l#S≈≈≈≈≈≈#≈≈≈≈≈≈≈..#
#.... ###################
#... ... .. .


You could see 2 adders, a ball python, a frilled lizard and a rat.

Vanquished Creatures
  2 adders (D:3)
  3 river rats (Sewer)
  A leopard gecko (D:3)
  4 giant cockroaches
  6 hobgoblins
  4 jackals (D:1)
  9 kobolds
  5 ball pythons (Sewer)
  7 bats
  5 frilled lizards
  4 goblins
  37 rats
87 creatures vanquished.

Notes
Turn   | Place    | Note
-------+----------+-------------------------------------------
     0 | D:1      | Mrkan the Demonspawn Fighter began the quest for the Orb.
     0 | D:1      | Reached XP level 1. HP: 18/18 MP: 1/1
   138 | D:1      | Gained mutation: You have a pair of small horns on your
                  | head. [demonic ancestry]
   138 | D:1      | Reached XP level 2. HP: 22/24 MP: 2/2
   448 | D:1      | Gained mutation: You have sharp toenails. [demonic
                  | ancestry]
   448 | D:1      | Reached XP level 3. HP: 29/29 MP: 3/3
   874 | D:2      | Found a shadowy altar of Dithmenos.
  1202 | D:3      | Found a transporter.
  1202 | D:3      | Noticed Foic's ghost (amateur GnWz)
  1205 | D:3      | Noticed an ogre
  1209 | D:3      | Identified the cursed +0 dire flail "Socyri" {vamp, rPois}
  1209 | D:3      | Noticed an ogre
  1473 | D:3      | Gained mutation: You have sharp fingernails. [demonic
                  | ancestry]
  1473 | D:3      | Reached XP level 4. HP: 37/37 MP: 4/4
  1522 | D:3      | Found a glowing drain.
  1538 | Sewer    | Entered a sewer
  1895 | Sewer    | HP: 1/37 [poisoned by an adder]
  1895 | Sewer    | Slain by an adder

Skill      XL: |  1  2  3  4 |
---------------+-------------+-----
Polearms       | 2 3 4 |  4.0
Fighting       | 4 |  4.0
Armour         | |  2.6
Shields        | |  2.6

Action                   |  1- 3 |  4- 6 || total
-------------------------+-------+-------++-------
Melee: Trident           |   131 |    81 ||   212
       Headbutt          |    14 |    12 ||    26
       Kick              |     7 |    12 ||    19
  Use: Potion            |       |     2 ||     2
  Eat: Chunk             |     1 |     2 ||     3
Armor: Scale mail        |    71 |    59 ||   130
Dodge: Dodged            |    37 |    38 ||    75
Block: Shield            |    70 |    53 ||   123
